 Dungeon Crawl Stone Soup version 0.31.0-32-g396128a36d (webtiles) character file.

Game seed: 3439421883235714554

921 loom the Trooper (level 8, -6/84 HPs)
             Began as an Oni Shapeshifter on Apr 23, 2024.
             Mangled by Menkaure (21 damage)
             ... on level 5 of the Dungeon.
             The game lasted 00:06:03 (3769 turns).

loom the Trooper (Oni Shapeshifter)                 Turns: 3769, Time: 00:06:04

Health: -6/84      AC:  4    Str: 21    XL:     8   Next: 10%
Magic:  17/17      EV:  9    Int: 11    God:
Gold:   235        SH:  0    Dex: 10    Spells: 7/7 levels left

rFire   + . .        r - +5 dagger of Maje {pain, rElec rPois rF- Dex+2}
rCold   . . .        (no shield)
rNeg    . . .        a - +1 animal skin
rPois   +            (helmet currently unavailable)
rElec   +            (cloak currently unavailable)
rCorr   .            (gloves unavailable)
SInv    .            (boots unavailable)
Will    .....        f - amulet of the Rose {*Slow rPois rF++ Regen+ Stlth+}
Stlth   ++           m - ring of magical power
HPRegen 1.14/turn    l - ring of wizardry
MPRegen 0.15/turn

%: slow self (1%), wizardry (x1)
@: beast-form, slowed, very slow
A: beast (slay +3), large, unfitting armour, horns 1, tough skin 1, double
potion healing, drunken brawling
a: Begin Untransformation


You were on level 5 of the Dungeon.
You were a hulking beast.
You visited 1 branch of the dungeon, and saw 5 of its levels.

You collected 235 gold pieces.

Inventory:

Hand Weapons
 r - the +5 dagger of Maje (weapon) {pain, rElec rPois rF- Dex+2}
   (You found it on level 3 of the Dungeon)

   Dex+2:     It affects your dexterity (+2).
   rF-:       It makes you vulnerable to fire.
   rElec:     It insulates you from electricity.
   rPois:     It protects you from poison
Missiles
 p - 13 poisoned darts (quivered)
Armour
 a - a +1 animal skin (worn)
Jewellery
 f - the amulet of the Rose (around neck) {*Slow rPois rF++ Regen+ Stlth+}
   (You acquired it on level 2 of the Dungeon)

   [amulet of regeneration]

   rF++:      It greatly protects you from fire.
   rPois:     It protects you from poison Regen+: It increases your rate of
   health regeneration.
   *Slow:     It may slow you when you take damage.
   Stlth+:    It makes you more stealthy.
 l - a ring of wizardry (right hand)
 m - a ring of magical power (left hand)
Talismans
 c - a beast talisman
 d - a flux talisman
Scrolls
 g - 2 scrolls of teleportation {unknown}
 h - 2 scrolls of vulnerability {unknown}
 j - a scroll of immolation {unknown}
 k - a scroll of brand weapon {unknown}
 n - a scroll of fog {unknown}
 s - 2 scrolls of amnesia
 t - 2 scrolls of identify {unknown}
 u - a scroll of noise {unknown}
 v - a scroll of poison {unknown}
Potions
 b - 2 potions of lignification
 e - a potion of heal wounds {unknown}
 i - a potion of curing {unknown}
 q - a potion of invisibility {unknown}
 w - a potion of degeneration {unknown}


   Skills:
 + Level 6.9 Fighting
 - Level 1.7 Dodging
 + Level 5.4 Unarmed Combat
 + Level 5.5 Shapeshifting


You had 7 spell levels left.
You didn't know any spells.
Your spell library contained the following spells:

 Spells                   Type           Power      Damage    Failure   Level
 Necrotise                Necr           0%         1d4       14%         1
 Fugue of the Fallen      Necr           0%         N/A       38%         3
 Ozocubu's Armour         Ice            0%         N/A       38%         3
 Vampiric Draining        Necr           0%         2d6       38%         3
 Manifold Assault         Tloc           0%         N/A       77%         4
 Martyr's Knell           Necr/Summ      0%         N/A       77%         4
 Curse of Agony           Necr           0%         N/A       98%         5
 Summon Forest            Summ/Tloc      0%         N/A       98%         5
 Summon Mana Viper        Hex/Summ       0%         N/A       98%         5
 Summon Cactus Giant      Summ           0%         N/A       100%        6


Dungeon Overview and Level Annotations

Branches:
Dungeon (5/15)
 Temple: D:4-7

Altars:
Kikubaaqudgha
Trog
Uskayaw

Annotations:
D:5 Menkaure


Innate Abilities, Weirdness & Mutations

You are a hulking beast.
Your limbs bulge with bestial killing power. (Slay +3)
You are too large for most types of armour.
You have a pair of small horns on your head.
You have tough skin. (AC +1)
You gain doubled healing and magic from potions.
Whenever you drink a healing potion, you attack all around you.


Message History

Menkaure calls on the powers of darkness!
The hound convulses!
Your body is wracked with pain!
You bump into the tree.
The scorpion barely misses you. The scorpion stings you.
You hit the scorpion.
You kill the scorpion!
Menkaure shouts, "The curse of the Pharaohs be upon you!"
You closely miss the hound. Your headbutt misses the hound.
The hound is severely wounded.
The hound barely misses you. The hound closely misses you.
You miss the hound. You headbutt the hound.
The hound is severely wounded.
The hound bites you.
You barely miss the hound.
The hound is severely wounded.
The hound bites you.
You feel yourself slow down. The hound bites you.
You bump into the tree.
The hound bites you but does no damage. The hound bites you.
You bump into the tree.
You feel less invigorated.
You feel less confused. The hound barely misses you.
The hound bites you but does no damage.
You puncture the hound!
You kill the hound!
Menkaure hits you!
You hit Menkaure.
Menkaure is lightly damaged.
Menkaure calls on the powers of darkness!
Your body is wracked with pain!
The jelly convulses!
Menkaure casts a spell at you. Pain shoots through your body!
You hit Menkaure.
Menkaure is moderately damaged.
Menkaure hits you!!
* * * LOW HITPOINT WARNING * * *
Menkaure barely misses you.
Unknown command.
You hit Menkaure. You headbutt Menkaure.
Menkaure is severely damaged.
Menkaure hits you!!
You die...

♣♣♣♣ ♣[.. ♣
..$ ♣♣ ♣♣♣..
.♣♣♣♣ .J.
....♣♣♣♣.♣ ♣M♣
♣♣♣†....♣ ♣♣h♣
♣...♣♣♣♣
♣♣♣.♣♣ ♣♣...♣♣
♣♣♣..♣♣
......♣
♣♣♣..♣♣♣
♣♣♣♣..♣♣♣..♣♣♣
♣♣....♣♣♣
♣♣♣♣♣♣


You could see Menkaure (fast) and a jelly.

Vanquished Creatures
  Prince Ribbit (D:5)
  A black bear (D:4)
  2 phantoms
  A scorpion (D:5)
  A water moccasin skeleton (D:3)
  A vampire bat (D:4)
  A howler monkey (D:5)
  A hound (D:5)
  A jelly (D:4)
  2 iguanas (D:5)
  A sleepcap (D:5)
  Natasha (D:3)
  2 adders
  A white imp (D:4)
  An adder zombie (D:3)
  An adder skeleton (D:3)
  2 dart slugs
  3 fire bats (D:4)
  A ribbon worm (D:2)
  3 orcs
  2 spectral bats (D:4)
  10 bats
  A bat simulacrum (D:4)
  3 bat skeletons (D:4)
  A bat zombie (D:4)
  6 endoplasms
  3 giant cockroaches
  5 goblins
  3 hobgoblins
  4 jackals (D:1)
  A quokka (D:2)
  3 ball pythons
  A ball python simulacrum (D:3)
  2 ball python skeletons (D:3)
  6 frilled lizards
  5 kobolds
  2 rats
86 creatures vanquished.

Notes
Turn   | Place    | Note
-------+----------+-------------------------------------------
     0 | D:1      | loom the Oni Shapeshifter began the quest for the Orb.
     0 | D:1      | Reached XP level 1. HP: 19/19 MP: 1/1
   109 | D:1      | Reached XP level 2. HP: 18/28 MP: 2/2
   186 | D:1      | Reached skill level 2 in Fighting
   432 | D:1      | Found a faded altar of an unknown god.
   609 | D:1      | Reached XP level 3. HP: 32/36 MP: 3/3
   759 | D:2      | Found a hide-covered altar of Uskayaw.
  1360 | D:2      | Identified a scroll of acquirement
  1360 | D:2      | Acquired the amulet of the Rose {*Slow rPois rF++ Regen+
                  | Stlth+}
  1417 | D:3      | Found an ancient bone altar of Kikubaaqudgha.
  1507 | D:3      | Reached skill level 3 in Fighting
  2057 | D:3      | Noticed Natasha
  2072 | D:3      | Reached XP level 4. HP: 45/45 MP: 4/4
  2091 | D:3      | Killed Natasha
  2095 | D:3      | Reached XP level 5. HP: 41/54 MP: 5/5
  2119 | D:3      | Identified the +5 dagger of Maje {pain, rElec rPois rF-
                  | Dex+2}
  2272 | D:4      | Noticed a phantom
  2287 | D:4      | Killed a phantom
  2288 | D:4      | Reached skill level 4 in Fighting
  2336 | D:4      | Noticed a black bear
  2343 | D:4      | Killed a black bear
  2344 | D:4      | Reached XP level 6. HP: 45/65 MP: 6/6
  2398 | D:4      | Reached skill level 5 in Fighting
  2808 | D:4      | Found a bloodstained altar of Trog.
  3017 | D:4      | Reached XP level 7. HP: 68/72 MP: 7/7
  3459 | D:5      | Entered Level 5 of the Dungeon
  3565 | D:5      | Noticed Prince Ribbit
  3595 | D:5      | Killed Prince Ribbit
  3596 | D:5      | Reached skill level 6 in Fighting
  3596 | D:5      | Reached skill level 5 in Unarmed Combat
  3596 | D:5      | Reached skill level 5 in Shapeshifting
  3729 | D:5      | Reached XP level 8. HP: 72/84 MP: 8/8
  3753 | D:5      | Noticed Menkaure
  3769 | D:5      | Mangled by Menkaure

Illustrated notes

Levels and vault maps discovered:
D:1:      nagdon_arrival_zigzag_paths, layout_rooms,
          hellmonk_ecumenical_altar_crossroads
D:2:      layout_loops_cross, basic_altar
D:3:      layout_loops_corners, nicolae_overflow_crystal_walls,
          dilly_guarded_unrand_morg
D:4:      layout_layer_cave, mainiacjoe_overflow_alcove_4, goddamned_bats
D:5:      kb_forest_paths, layout_basic, minmay_misc_feat_five,
          minmay_misc_feat_iff, uniq_prince_ribbit1, uniq_menkaure,
          uniq_crazy_yiuf_cottage, uniq_ijyb

Skill      XL: |  1  2  3  4  5  6  7 |
---------------+----------------------+-----
Fighting       | 2 3 4 5 6 |  6.9
Unarmed Combat | 3 4 5 |  5.4
Shapeshifting  | 4 5 |  5.5
Dodging        | |  1.7

Action                     |  1- 3 |  4- 6 |  7- 9 || total
---------------------------+-------+-------+-------++-------
  Melee: Unarmed           |    96 |    18 |       ||   114
         Headbutt          |    12 |    19 |    15 ||    46
         Punch             |     2 |     4 |     2 ||     8
         Dagger            |       |    66 |    66 ||   132
  Throw: Dart              |     1 |       |       ||     1
    Use: Scroll            |     3 |       |       ||     3
         Potion            |       |       |     1 ||     1
   Stab: Sleeping          |     1 |     3 |     1 ||     5
         Distracted        |     1 |       |     1 ||     2
 Armour: Animal skin       |    54 |    77 |    48 ||   179
  Dodge: Dodged            |    31 |    59 |    43 ||   133
